 Dungeon Crawl Stone Soup version 0.28-a0-589-g333b8329f1 (webtiles) character file.

Game seed: 13319304974026013518

6 AttackTheMoon the Ruffian (level 1, -3/16 HPs)
             Began as a Draconian Transmuter on Oct 3, 2021.
             Slain by a quokka (4 damage)
             ... on level 1 of the Dungeon.
             The game lasted 00:00:19 (35 turns).

AttackTheMoon the Ruffian (Draconian Transmuter)      Turns: 35, Time: 00:00:19

Health: -3/16      AC:  4    Str: 12    XL:     1   Next: 75%
Magic:  3/3        EV: 12    Int: 13    God:
Gold:   0          SH:  0    Dex: 11    Spells: 3/4 levels left

rFire   . . .      SeeInvis .     - Unarmed
rCold   . . .      Faith    .   (no shield)
rNeg    . . .      Spirit   .   (armour unavailable)
rPois   .          Reflect  .   (helmet restricted)
rElec   .          Harm     .   (no cloak)
rCorr   .          Rampage  .   (no gloves)
Will    .....                   (no boots)
Stlth   +.........              (no amulet)
HPRegen 0.05/turn               (no ring)
MPRegen 0.08/turn               (no ring)

@: no status effects
A: AC +4, unfitting armour, cold-blooded
a: no special abilities


You were on level 1 of the Dungeon.
You visited 1 branch of the dungeon, and saw 1 of its levels.

You aren't carrying anything.


   Skills:
 + Level 1.3 Fighting
 + Level 1.9 Dodging
 - Level 3.0 Unarmed Combat
 + Level 2.1 Spellcasting
 * Level 2.2 Transmutations


You had 3 spell levels left.
You knew the following spells:

 Your Spells              Type           Power      Damage    Failure   Level
a - Beastly Appendage     Tmut           14%        N/A       10%         1

Your spell library contained the following spells:

 Spells                   Type           Power      Damage    Failure   Level
 Wereblood                Tmut           7%         N/A       16%         2
 Spider Form              Tmut/Pois      2%         N/A       43%         3
 Ice Form                 Ice/Tmut       4%         N/A       85%         4


Dungeon Overview and Level Annotations

Branches:
Dungeon (1/15)

Altars:


Innate Abilities, Weirdness & Mutations

Your plain brown scales are hard. (AC +4)
You cannot fit into any form of body armour.
You are cold-blooded and may be slowed by cold attacks.


Message History

The quokka is moderately wounded.
The quokka bites you but does no damage.
The quokka twitches its whiskers.
You barely miss the quokka.
The quokka is moderately wounded.
The quokka bites you but does no damage.
The quokka bites you.
You hit the quokka but do no damage.
You tail-slap the quokka, but do no damage.
The quokka is moderately wounded.
The quokka closely misses you.
You closely miss the quokka.
The quokka is moderately wounded.
The quokka bites you.
You miss the quokka.
The quokka is moderately wounded.
The quokka barely misses you.
You hit the quokka.
The quokka is almost dead.
The quokka bites you but does no damage.
You barely miss the quokka.
The quokka is almost dead.
The quokka bites you. The quokka misses you.
You hit the quokka.
You kill the quokka!
You closely miss the quokka. The quokka bites you.
* * * LOW HITPOINT WARNING * * *
You hit the quokka but do no damage. The quokka barely misses you. x2
You miss the quokka.
The endoplasm jiggles.
The quokka bites you but does no damage.
You aren't carrying any potions.
You aren't carrying any scrolls.
You hit the quokka but do no damage. The quokka closely misses you.
You hit the quokka but do no damage.
You tail-slap the quokka, but do no damage.
The quokka misses you.
You hit the quokka but do no damage. The quokka misses you.
You hit the quokka but do no damage. The quokka bites you.
You die...

##.### #....###
#......## #.P...P.#
#.......# #...<...#
#.......#
#.##########.P...P.#
#......Jr@........##
...!...l####..#.###
......... #†.###
....(....# #..#
.........# #..#
.......... ....
.......... .....
................
.>.....


You could see an endoplasm, a quokka and a frilled lizard.

Vanquished Creatures
  A hobgoblin (D:1)
  2 jackals (D:1)
  A quokka (D:1)
  A ball python (D:1)
5 creatures vanquished.

Notes
Turn   | Place    | Note
-------+----------+-------------------------------------------
     0 | D:1      | AttackTheMoon the Draconian Transmuter began the quest for
                  | the Orb.
     0 | D:1      | Reached XP level 1. HP: 16/16 MP: 3/3
    35 | D:1      | Slain by a quokka

Illustrated notes

Levels and vault maps discovered:
D:1:      dpeg_arrival_orchard, layout_rooms

Action                   || total
-------------------------++-------
Melee: Unarmed           ||    23
       Tailslap          ||     3
       Kick              ||     2
       Headbutt          ||     1
 Cast: Beastly Appendage ||     1
Armor: Skin              ||     7
Dodge: Dodged            ||    13

Table legend: (Time is in decaauts)
 A = Elapsed time spent in this place.
 B = Non-inter-level travel time spent in this place.
 C = Inter-level travel time spent in this place.
 D = Time resting spent in this place.
 E = Time spent auto-exploring this place.
 F = Levels seen in this place.
 G = Mean time per level.
                   A        B        C        D        E       F      G
               +--------+--------+--------+--------+--------+-----+--------+
         Total |     33 |     33 |      0 |      0 |      2 |   1 |   33.0 |
       Dungeon |     33 |     33 |      0 |      0 |      2 |   1 |   33.0 |
               +--------+--------+--------+--------+--------+-----+--------+

Top non-repeatable levels by time:
     D:1: 33 daAuts
